 Dungeon Crawl Stone Soup version 0.27-a0-203-gd48b2df3c9 (webtiles) character file.

Game seed: 7757394454066049215

118436 Nahar the Peltast (level 16, -6/156 HPs)
             Began as a Deep Dwarf Fighter on Jan 28, 2021.
             Was the Champion of Makhleb.
             Killed from afar by a shock serpent (14 damage)
             ... with a bolt of electricity
             ... on level 2 of the Snake Pit on Jan 30, 2021.
             The game lasted 01:31:42 (21185 turns).

Nahar the Peltast (Deep Dwarf Fighter)             Turns: 21185, Time: 01:31:43

Health: -6/156     AC: 26    Str: 26    XL:     16   Next: 25%
Magic:  6/6        EV:  9    Int: 12    God:    Makhleb [******]
Gold:   975        SH: 15    Dex: 14    Spells: 15/15 levels left

rFire    . . .     SeeInvis .   w - +10 mace of the Assorted Servitors {vorpal, Will+ Int+2}
rCold    . . .     Faith    .   I - +0 kite shield
rNeg     + . .     Spirit   .   y - +2 plate armour
rPois    .         Reflect  .   c - +0 helmet
rElec    .         Harm     .   (no cloak)
rCorr    .         Rampage  .   P - +1 pair of gloves
Will     ++++.                  (no boots)
Stlth    ..........             S - amulet of the acrobat
HPRegen  0.00/turn              X - +4 ring of slaying
MPRegen  0.10/turn              H - ring of willpower

@: non-regenerating, studying Dodging
A: damage resistance, heal wounds, molten scales 1, agile 1, negative energy
resistance 1, sense surroundings 2, sturdy frame 1, no regeneration
a: Heal Wounds, Renounce Religion, Minor Destruction, Lesser Servant of Makhleb,
Major Destruction, Greater Servant of Makhleb


You were on level 2 of the Snake Pit.
You worshipped Makhleb.
Makhleb was exalted by your worship.
You visited 5 branches of the dungeon, and saw 26 of its levels.
You also visited: Ossuary.

You collected 3726 gold pieces.
You spent 2751 gold pieces at shops.

Inventory:

Hand Weapons
 r - a +1 war axe of flaming
 w - the +10 mace of the Assorted Servitors (weapon) {vorpal, Will+ Int+2}
   (You found it on level 6 of the Dungeon)

   It inflicts extra damage upon your enemies.
   It affects your intelligence (+2).
   It affects your willpower, your defense against some magical effects.
Missiles
 K - 8 silver javelins
Armour
 c - a +0 helmet (worn)
 y - a +2 plate armour (worn)
 G - the +0 pair of boots of Wonder {Harm *Corrode rElec Will++ Int+4}
   (You found it on level 8 of the Dungeon)

   It affects your intelligence (+4).
   It insulates you from electricity.
   It affects your willpower, your defense against some magical effects.
   It may corrode you when you take damage.
   It increases damage dealt and taken.
 I - a +0 kite shield (worn)
 P - a +1 pair of gloves (worn)
Jewellery
 k - an uncursed ring of resist corrosion
 H - a ring of willpower (right hand)
 S - an amulet of the acrobat (around neck)
 W - an uncursed ring of protection from fire
 X - a +4 ring of slaying (left hand)
 Y - the ring of the Slug {rF+ rC+}
   (You bought it in a shop on level 2 of the Orcish Mines)

   [ring of protection from cold]

   It protects you from fire.
   It protects you from cold.
 Z - an uncursed amulet of reflection
Wands
 a - a wand of acid (25)
 f - a wand of polymorph (12)
 g - a wand of mindburst (30)
 q - a wand of iceblast (10)
 x - a wand of flame (28)
 A - a wand of digging (3)
 B - a wand of paralysis (20)
 D - a wand of random effects (25)
 O - a wand of enslavement (28)
Scrolls
 b - 2 scrolls of torment
 e - 12 scrolls of teleportation
 h - 4 scrolls of fog
 j - 4 scrolls of blinking
 m - 9 scrolls of remove curse
 n - a scroll of holy word
 s - 5 scrolls of fear
 C - 2 scrolls of silence
 F - 2 scrolls of brand weapon
 J - a scroll of enchant weapon
 L - a scroll of magic mapping
 M - 2 scrolls of amnesia
 N - 12 scrolls of identify
Potions
 d - 3 potions of brilliance
 i - 7 potions of flight
 l - 13 potions of curing
 o - 5 potions of heal wounds
 p - a potion of might
 t - 5 potions of attraction
 u - 3 potions of haste
 v - 5 potions of lignification
 z - 2 potions of invisibility
 E - 2 potions of magic
 Q - 2 potions of berserk rage
Books
 T - a manual of Dodging


   Skills:
 + Level 13.1 Fighting
 - Level 2.2(10.3) Axes
 - Level 13.9(14.0) Maces & Flails
 - Level 16.5 Armour
 - Level 16.5 Shields


You had 15 spell levels left.
You didn't know any spells.
Your spell library contained the following spells:

 Spells                   Type           Power        Failure   Level
 Corona                   Hex            0%           80%         1
 Magic Dart               Conj           0%           80%         1
 Shock                    Conj/Air       0%           80%         1
 Sting                    Tmut/Pois      0%           80%         1
 Blink                    Tloc           N/A          91%         2
 Call Imp                 Summ           0%           91%         2
 Searing Ray              Conj           0%           91%         2
 Slow                     Hex            0%           91%         2
 Swiftness                Air            0%           91%         2
 Confusing Touch          Hex            0%           99%         3
 Conjure Flame            Conj/Fire      0%           99%         3
 Dazzling Flash           Conj/Hex       0%           99%         3
 Gell's Gravitas          Tloc           0%           99%         3
 Inner Flame              Hex/Fire       0%           99%         3
 Mephitic Cloud           Conj/Pois/Air  0%           99%         3
 Portal Projectile        Hex/Tloc       0%           99%         3
 Static Discharge         Conj/Air       0%           99%         3
 Vampiric Draining        Necr           0%           99%         3
 Airstrike                Air            0%           100%        4
 Cause Fear               Hex            0%           100%        4
 Fulminant Prism          Conj/Hex       0%           100%        4
 Iskenderun's Mystic Bla  Conj/Tloc      0%           100%        4
 Leda's Liquefaction      Hex/Erth       0%           100%        4
 Petrify                  Tmut/Erth      0%           100%        4
 Blade Hands              Tmut           0%           100%        5
 Bolt of Magma            Conj/Fire/Erth 0%           100%        5
 Iskenderun's Battlesphe  Conj           0%           100%        5
 Lightning Bolt           Conj/Air       0%           100%        5
 Metabolic Englaciation   Hex/Ice        0%           100%        5
 Yara's Violent Unravell  Hex/Tmut       0%           100%        5
 Death Channel            Necr           0%           100%        6
 Iron Shot                Conj/Erth      0%           100%        6
 Haunt                    Necr/Summ      0%           100%        7
 Malign Gateway           Summ/Tloc      0%           100%        7
 Monstrous Menagerie      Summ           0%           100%        7
 Orb of Destruction       Conj           0%           100%        7
 Spellforged Servitor     Conj/Summ      0%           100%        7
 Summon Horrible Things   Summ           0%           100%        8


Dungeon Overview and Level Annotations

Branches:
Dungeon (15/15)            Temple (1/1) D:4            Lair (6/6) D:11
  Swamp (0/4) Lair:3        Snake (2/4) Lair:2        Slime (0/5) Lair:6
    Orc (2/2) D:12            Elf (0/3) Orc:2        Vaults (0/5) D:14
 Depths (0/5) D:15        Ossuary (visited)

Altars:
Ashenzari
Cheibriados
Dithmenos
Elyvilon
Fedhas
Gozag
Hepliaklqana
Kikubaaqudgha
Makhleb
Nemelex Xobeh
Okawaru
Qazlal
Ru
Sif Muna
Trog
Uskayaw
Vehumet
Wu Jian
Xom
Yredelemnul
Zin
The Shining One
Beogh
Jiyva

Shops:
D:5 !   D:12 ?   Orc:2 *(=(

Annotations:
D:11 exclusion: orange crystal statue
Lair:6 exclusion: 2 oklob plants


Innate Abilities, Weirdness & Mutations

You are resistant to damage.
You can heal yourself by infusing magical energy.
You resist negative energy. (rN+)
You passively map the area around you.
You do not regenerate.
You are partially covered in molten scales. (AC +2)
You are agile. (Dex +2)
Your movements are slightly less encumbered by armour. (ER -2)


Message History

You miss the shock serpent.
The shock serpent is almost dead.
The shock serpent bites you. The shock serpent shocks you!
* * * LOW HITPOINT WARNING * * *
You barely miss the shock serpent.
The shock serpent is almost dead.
A mana viper comes into view.
The shock serpent shoots out a bolt of lightning at you!
The bolt of electricity hits you!!
* * * LOW HITPOINT WARNING * * *
The bolt of electricity hits you!
* * * LOW HITPOINT WARNING * * *
The bolt of electricity hits the shock serpent.
The shock serpent completely resists.
You feel much better.
The shock serpent shoots out a bolt of lightning at you!
The bolt of electricity hits you!!
* * * LOW HITPOINT WARNING * * *
The bolt of electricity hits you!
You die...

...).##........ ** ,
#....#.#............#*
,
#...#..#.........!.<#
* ,
#........##.........#*
**
#....)...##......... *
.#.....).###......S ,
* *
#.....)...##.<....#
##.....)..###..S..# ,
, ##....##..#*#..@#*,
##..####.###..## ,,
##.#####..##.## , , *
#............# * ,,, ,
###...........#..# , ,
, ...........#........
, , ,
..#........##......##
,, ,
#.#.......###.......#
, ###..)....#
........# , , *


You could see a shock serpent and a mana viper.

Vanquished Creatures
  Saint Roka (Orc:2)
  Frances (D:13)
  Gastronok (Lair:1)
  A frost giant (D:14)
  The ghost of Bodu the Basher, a journeyman NaFi of Ashenzari (Lair:5)
  Snorg (Lair:6)
  A fire dragon (D:15)
  A yaktaur captain (D:15)
  8 vault guards (D:14)
  4 naga warriors
  A boulder beetle (D:15)
  7 two-headed ogres
  8 hydras
  3 centaur warriors
  A death knight (D:10)
  2 anacondas (Snake:1)
  A death yak (Lair:5)
  2 naga sharpshooters (Snake:1)
  An ogre mage (D:15)
  9 orc high priests (Orc:2)
  A shock serpent (Snake:2)
  The ghost of Megustar the Arsonist, a novice DEFE of Vehumet (D:10)
  A salamander mystic (Snake:2)
  A bog body (Lair:3)
  3 naga ritualists (Snake:1)
  2 unseen horrors
  A mana viper (Snake:1)
  7 ugly things
  A wolf spider zombie (D:15)
  2 deep elf pyromancers
  2 orc sorcerers (Orc:1)
  2 orc knights (Orc:1)
  4 cyclopes
  2 salamanders (Snake:2)
  A manticore (D:15)
  21 black mambas
  3 naga magi
  A guardian serpent (Snake:2)
  A gargoyle (D:10)
  33 cane toads
  7 rime drakes
  A kobold demonologist (D:11)
  11 komodo dragons
  An efreet (D:15)
  A yaktaur (D:15)
  A harpy zombie (D:14)
  4 tyrant leeches (Lair:6)
  3 trolls
  3 meliai (D:13)
  41 blink frogs
  13 dream sheep
  A blink frog (shapeshifter) (D:13)
  13 slime creatures
  3 wraiths (D:10)
  Sigmund (D:3)
  A centaur simulacrum (D:10)
  3 vampires
  17 yaks
  4 shadows
  2 wyverns
  6 basilisks
  A human (shapeshifter) (D:14)
  A steam dragon (D:9)
  7 vampire mosquitoes
  12 wargs
  20 nagas
  2 soldier ants
  15 water moccasins
  An acid dragon (D:15)
  3 ice beasts
  13 orc warriors
  4 sky beasts
  An eye of draining (D:13)
  A black bear (Lair:5)
  12 ogres
  A phantom (D:4)
  16 wolves
  9 centaurs
  3 big kobolds (D:11)
  24 bullfrogs
  A wyvern zombie (D:8)
  2 gnoll sergeants
  2 wyvern skeletons
  3 scorpions
  3 killer bees (D:8)
  13 wights
  3 electric eels
  A howler monkey (D:12)
  7 centaur zombies
  A quasit (D:9)
  9 hounds
  5 bullfrog zombies
  A jelly (D:9)
  34 orc priests
  7 bullfrog skeletons
  4 centaur skeletons
  26 orc wizards
  6 iguanas
  9 worker ants
  A big kobold zombie (Ossuary)
  4 hound skeletons
  A howler monkey zombie (D:8)
  4 mummies (Ossuary)
  A worker ant zombie (D:7)
  A howler monkey skeleton (D:5)
  Robin (D:2)
  8 adders
  15 gnolls
  A shadow imp (D:6)
  2 white imps
  2 ufetubi
  An ooze (D:3)
  3 adder zombies
  5 worms
  4 dart slugs
  11 leopard geckos
  110 orcs
  A ball python (D:2)
  9 bats
  6 giant cockroaches
  3 gnoll zombies (Ossuary)
  18 goblins
  14 hobgoblins
  15 jackals
  9 quokkas
  3 frilled lizards
  A hobgoblin zombie (Ossuary)
  7 kobolds
  A kobold zombie (Ossuary)
  2 leopard gecko zombies
  2 orc zombies (Ossuary)
  A quokka skeleton (D:6)
  6 rats
838 creatures vanquished.

Vanquished Creatures (others)
  37 fungi
  104 plants
141 creatures vanquished.

Grand Total: 979 creatures vanquished

Notes
Turn   | Place    | Note
-------+----------+-------------------------------------------
     0 | D:1      | Nahar the Deep Dwarf Fighter began the quest for the Orb.
     0 | D:1      | Reached XP level 1. HP: 20/20 MP: 1/1
   141 | D:1      | Reached XP level 2. HP: 27/27 MP: 2/2
   574 | D:1      | Reached XP level 3. HP: 31/33 MP: 3/3
  1062 | D:2      | Noticed Robin
  1077 | D:2      | Found a sparkling altar of Nemelex Xobeh.
  1106 | D:2      | Killed Robin
  1169 | D:2      | Found a hazy altar of Hepliaklqana.
  1178 | D:2      | Reached XP level 4. HP: 28/40 MP: 4/4
  1652 | D:2      | Found a faded altar of an unknown god.
  1723 | D:2      | Found a stormy altar of Qazlal.
  1966 | D:3      | Noticed a centaur
  1973 | D:3      | Killed a centaur
  1974 | D:3      | Reached skill level 5 in Armour
  1974 | D:3      | Reached skill level 5 in Shields
  1974 | D:3      | Reached XP level 5. HP: 22/46 MP: 5/5
  2062 | D:3      | Noticed Sigmund
  2094 | D:3      | Killed Sigmund
  2095 | D:3      | Reached XP level 6. HP: 23/55 MP: 6/6
  2675 | D:4      | Reached XP level 7. HP: 32/61 MP: 7/7
  2797 | D:4      | Found a staircase to the Ecumenical Temple.
  2857 | Temple   | Entered the Ecumenical Temple
  2902 | Temple   | Became a worshipper of Makhleb the Destroyer
  3036 | D:4      | Found a shadowy altar of Dithmenos.
  3037 | D:4      | Found an opulent altar of Gozag.
  3079 | D:4      | Found a snail-covered altar of Cheibriados.
  3336 | D:5      | Entered Level 5 of the Dungeon
  3363 | D:5      | Found a white marble altar of Elyvilon.
  3431 | D:5      | Gained mutation: You are dopey. (Int -2) [potion of
                  | mutation]
  3431 | D:5      | Gained mutation: You are robust. (+10% HP) [potion of
                  | mutation]
  3431 | D:5      | Gained mutation: Your spells are a little harder to cast,
                  | but a little more powerful. [potion of mutation]
  3432 | D:5      | Lost mutation: You are robust. (+10% HP) [potion of
                  | mutation]
  3432 | D:5      | Lost mutation: Your spells are a little harder to cast, but
                  | a little more powerful. [potion of mutation]
  3432 | D:5      | Lost mutation: You are dopey. (Int -2) [potion of mutation]
  3432 | D:5      | Gained mutation: You are partially covered in molten
                  | scales. (AC +2) [potion of mutation]
  3432 | D:5      | Gained mutation: You are agile. (Dex +2) [potion of
                  | mutation]
  3432 | D:5      | Gained mutation: Your movements are slightly less
                  | encumbered by armour. (ER -2) [potion of mutation]
  3540 | D:5      | Reached * piety under Makhleb
  3614 | D:5      | Reached XP level 8. HP: 45/68 MP: 7/7
  3679 | D:5      | Found Cagon's Distillery.
  3751 | D:5      | Bought a potion of heal wounds for 50 gold pieces
  3751 | D:5      | Bought a potion of haste for 100 gold pieces
  3751 | D:5      | Bought a potion of heal wounds for 50 gold pieces
  4003 | D:6      | Noticed a moth of wrath
  4007 | D:6      | Found a bloodstained altar of Trog.
  4038 | D:6      | Got a fine mace
  4041 | D:6      | Identified the +10 mace of the Assorted Servitors {vorpal,
                  | Will+ Int+2} (You found it on level 6 of the Dungeon)
  4113 | D:6      | Noticed a two-headed ogre
  4128 | D:6      | Killed a two-headed ogre
  4133 | D:6      | Reached ** piety under Makhleb
  4257 | D:6      | Gained mutation: You passively map the area around you.
                  | [Deep Dwarf growth]
  4257 | D:6      | Reached XP level 9. HP: 36/74 MP: 7/7
  4558 | D:7      | Reached skill level 10 in Armour
  4558 | D:7      | Reached skill level 10 in Shields
  4713 | D:7      | Reached skill level 1 in Maces & Flails
  4910 | D:7      | Noticed a +0 dagger
  4911 | D:7      | Noticed a +0 hand axe
  4913 | D:7      | Found a hide-covered altar of Uskayaw.
  5228 | D:8      | Reached *** piety under Makhleb
  5312 | D:8      | Found a glowing golden altar of the Shining One.
  5361 | D:8      | Noticed a centaur warrior
  5362 | D:8      | Noticed a troll
  5363 | D:8      | Found the +10 Black Knight's barding {ponderous, rPois rN+}
  5363 | D:8      | Noticed a cyclops
  5430 | D:8      | Found a sand-covered staircase.
  5435 | Ossuary  | Entered an ossuary
  5719 | D:8      | Reached skill level 5 in Maces & Flails
  5735 | D:8      | Found an iron altar of Okawaru.
  5936 | D:8      | Reached **** piety under Makhleb
  6089 | D:8      | Reached XP level 10. HP: 70/81 MP: 6/6
  6107 | D:8      | Got a pair of glimmering boots
  6110 | D:8      | Identified Sif Muna's Reference Book on Sinister Shape
                  | Shifting
  6133 | D:8      | Killed a centaur warrior
  6152 | D:8      | Identified the cursed +0 pair of boots of Wonder {Harm
                  | *Corrode rElec Will++ Int+4} (You found it on level 8 of
                  | the Dungeon)
  6284 | D:8      | Killed a cyclops
  6531 | D:9      | Reached skill level 10 in Maces & Flails
  6686 | D:9      | Found an ancient bone altar of Kikubaaqudgha.
  6733 | D:9      | Reached ***** piety under Makhleb
  7029 | D:10     | Entered Level 10 of the Dungeon
  7329 | D:10     | Killed an unseen horror
  7330 | D:10     | Reached XP level 11. HP: 87/88 MP: 7/7
  7362 | D:10     | Found a transporter.
  7365 | D:10     | Noticed Megustar's ghost (novice DEFE)
  7367 | D:10     | Noticed a death knight
  7383 | D:10     | Found a transporter.
  7692 | D:11     | Noticed an orange crystal statue
  7750 | D:11     | Noticed a two-headed ogre
  7766 | D:11     | Killed a two-headed ogre
  7807 | D:11     | Noticed a cyan ugly thing
  7807 | D:11     | Noticed a six-headed hydra
  7817 | D:11     | Killed a six-headed hydra
  7823 | D:11     | Killed a cyan ugly thing
  8173 | D:11     | Found a staircase to the Lair.
  8484 | D:12     | Noticed a two-headed ogre
  8494 | D:12     | Killed a two-headed ogre
  8615 | D:12     | Found a frozen archway.
  8668 | D:12     | Found Romp's Magic Scroll Shoppe.
  8703 | D:12     | Bought a scroll of brand weapon for 260 gold pieces
  8703 | D:12     | Bought a scroll of enchant weapon for 97 gold pieces
  8703 | D:12     | Bought a scroll of identify for 26 gold pieces
  8703 | D:12     | Bought 2 scrolls of identify for 52 gold pieces
  8705 | D:12     | Identified a scroll of acquirement
  8707 | D:12     | Acquired 689 gold pieces
  8715 | D:12     | Bought a scroll of identify for 26 gold pieces
  8715 | D:12     | Bought a scroll of identify for 26 gold pieces
  8874 | D:12     | Reached ****** piety under Makhleb
  8902 | D:12     | Found a staircase to the Orcish Mines.
  8978 | D:12     | Noticed a four-headed hydra
  8988 | D:12     | Killed a four-headed hydra
  9144 | Lair:1   | Entered Level 1 of the Lair of Beasts
  9145 | Lair:1   | Upgraded the game from 0.27-a0-170-g607d9e9d85 to
                  | 0.27-a0-200-g8ba017916c
  9312 | Lair:1   | You fall into a shaft and drop 1 floor!
  9337 | Lair:1   | Reached XP level 12. HP: 96/96 MP: 8/8
  9642 | Lair:1   | Noticed Gastronok
  9657 | Lair:1   | Killed Gastronok
  9930 | Lair:1   | Upgraded the game from 0.27-a0-200-g8ba017916c to
                  | 0.27-a0-203-gd48b2df3c9
 10238 | Lair:2   | Found a staircase to the Snake Pit.
 11073 | Lair:3   | Noticed a four-headed hydra
 11088 | Lair:3   | Killed a four-headed hydra
 11100 | Lair:3   | Reached XP level 13. HP: 102/102 MP: 9/9
 11114 | Lair:3   | Found a staircase to the Swamp.
 12482 | Lair:5   | Found a runed translucent door.
 13096 | Lair:5   | Noticed Bodu's ghost (journeyman NaFi)
 13138 | Lair:5   | Killed Bodu's ghost
 13377 | Lair:6   | Entered Level 6 of the Lair of Beasts
 13377 | Lair:6   | Found a viscous altar of Jiyva.
 13377 | Lair:6   | Found a staircase to the Slime Pits.
 13580 | Lair:5   | Reached skill level 15 in Armour
 13580 | Lair:5   | Reached skill level 15 in Shields
 13637 | Lair:6   | Gained mutation: You resist negative energy. (rN+) [Deep
                  | Dwarf growth]
 13637 | Lair:6   | Reached XP level 14. HP: 74/109 MP: 9/9
 13850 | Lair:6   | Noticed Snorg
 13878 | Lair:6   | Killed Snorg
 15047 | D:13     | Noticed Frances
 15065 | D:13     | Killed Frances
 15106 | D:13     | Found a white marble altar of Elyvilon.
 15467 | D:10     | Killed Megustar's ghost
 16237 | D:14     | Noticed a frost giant
 16249 | D:14     | Killed a frost giant
 16258 | D:15     | Entered Level 15 of the Dungeon
 16484 | D:14     | Reached skill level 5 in Fighting
 16504 | D:14     | Found a gate to the Vaults.
 16548 | D:14     | Reached XP level 15. HP: 126/126 MP: 7/7
 17384 | D:15     | Found a staircase to the Depths.
 18510 | Orc:1    | Entered Level 1 of the Orcish Mines
 18854 | Orc:1    | Reached skill level 10 in Fighting
 18931 | Orc:2    | Entered Level 2 of the Orcish Mines
 18958 | Orc:2    | Found a staircase to the Elven Halls.
 18976 | Orc:2    | Found Vohaoqi's Antique Weapon Shoppe.
 19062 | Orc:2    | Noticed Saint Roka
 19138 | Orc:2    | Killed Saint Roka
 19159 | Orc:2    | Found Lovadgho's Jewellery Shop.
 19178 | Orc:2    | Bought an uncursed ring of protection from fire for 300
                  | gold pieces
 19178 | Orc:2    | Bought a +4 ring of slaying for 936 gold pieces
 19178 | Orc:2    | Bought the ring of the Slug {rF+ rC+} for 468 gold pieces
 19178 | Orc:2    | Bought an uncursed amulet of reflection for 360 gold pieces
 19329 | Orc:2    | Found a roughly hewn altar of Beogh.
 19382 | Orc:2    | Found Relufuz's Antique Weapon Shoppe.
 19382 | Orc:2    | Found Xant's General Store.
 20045 | Snake:1  | Entered Level 1 of the Snake Pit
 20251 | Snake:1  | Reached XP level 16. HP: 96/152 MP: 6/6
 21185 | Snake:2  | Killed from afar by a shock serpent

Illustrated notes

Levels and vault maps discovered:
D:1:      dpeg_arrival_short_road, layout_basic
D:2:      layout_loops_cross, nemelex_xobeh_ov_fountains_minmay,
          marbit_many_paths, old_standard_altar,
          chequers_ecumenical_altar_grove, uniq_robin
D:3:      layout_loops_ring, chequers_arboretum, uniq_sigmund
D:4:      layout_rooms, kennysheep_slug_shrine,
          gammafunk_temple_overflow_statue, minmay_temple_entry_statues_pillars,
          dk_noncrumbling_2
D:5:      layout_rooms, old_standard_altar, serial_shops,
          nicolae_shop_waterfront
D:6:      layout_rooms, tgw_trog, minmay_misc_feat_rugged, kennysheep_boxes
D:7:      layout_loops_cross, dancing_weapons_uskayaw
D:8:      minmay_the_grid_square_5x5_3x3 [minmay_the_grid_square_5x5_minimal,
          minmay_the_grid_square_5x5_fat_x, minmay_the_grid_square_5x5_three,
          minmay_the_grid_square_5x5_empty,
          minmay_the_grid_square_5x5_megaprize_open,
          minmay_the_grid_square_5x5_tetrominoes,
          minmay_the_grid_square_5x5_shrine2,
          minmay_the_grid_square_5x5_inner_v, minmay_the_grid_square_5x5_meh],
          layout_cave_pods, overflow_temple_1_default,
          kennysheep_okawaru_gauntlet, enter_ossuary_2
D:9:      layout_rooms, kiku_gazebo_garden_becter
D:10:     layout_roguey, gammafunk_ghost_mausoleum, serial_corexii_hall,
          corexii_hall_statues_i, corexii_hall_statues_i, corexii_hall_statues_l
D:11:     layout_cave_pools, erik_lair_orcish_takeover, minmay_protected_statue
D:12:     layout_basic, hiddenorc1_lemuel, portal_ice_cave_entry_pillars_1,
          serial_shops, shop
D:13:     layout_loops_cross, elyvilon_altar_5, uniq_frances
D:14:     kennysheep_funnel, layout_cave_pods, erik_vaults_2,
          infiniplex_staircase_pillars_1, kennysheep_generic_room_6
D:15:     grunt_enter_depths_snipers, layout_stronghold, serial_park_fountain
Temple:   jpeg_temple_alley_garden
Lair:1:   layout_loops_ring, lemuel_fruit_fields, uniq_gastronok
Lair:2:   layout_chaotic_city, minmay_snake_entry_guardpost_small,
          chequers_serial_rivers_large_a, grunt_megastairs_5
Lair:3:   layout_regular_city, skrybe_swamp_entry_bodies, st_stairs_10
Lair:4:   layout_long_grid, serial_bayou_shore_b, grunt_megastairs_2
Lair:5:   layout_cave_pods, ebering_ghost_reflecting_pool
Lair:6:   minmay_lair_end_frog_pond, layout_misc_corridors, slime_altar_1,
          minmay_lair_oklob_chamber, uniq_snorg
Snake:1:  layout_gridlike, grunt_megastairs_1
Snake:2:  layout_chambers, serial_bayou_shore_a, lemuel_fruit_tree
Orc:1:    layout_diamond_mine
Orc:2:    st_orc_town, layout_diamond_mine, uniq_saint_roka

Skill      XL: |  1  2  3  4  5  6  7  8  9 10 11 12 13 14 15 16 |
---------------+-------------------------------------------------+-----
Shields        | 4 5 6 7 9 10 13 15 16 | 16.5
Armour         | 4 5 6 7 9 10 13 15 16 | 16.5
Maces & Flails | 7 11 13 | 13.9
Fighting       | 6 12 13 | 13.1
Axes           | |  2.2

Action                   |  1- 3 |  4- 6 |  7- 9 | 10-12 | 13-15 | 16-18 || total
-------------------------+-------+-------+-------+-------+-------+-------++-------
Melee: War axe           |   130 |   152 |   171 |       |       |       ||   453
       Mace              |       |       |   232 |   749 |  1885 |   203 ||  3069
 Abil: Heal Wounds       |       |     7 |     9 |     6 |    37 |     2 ||    61
Evoke: Wand              |       |     2 |       |     5 |     8 |       ||    15
  Use: Scroll            |     2 |       |    13 |    14 |     5 |     2 ||    36
       Potion            |       |     1 |     2 |       |    10 |       ||    13
 Stab: Distracted        |       |     1 |       |       |       |       ||     1
Armor: Scale mail        |    59 |    62 |    84 |       |       |       ||   205
       Plate armour      |       |       |    64 |   391 |   848 |    59 ||  1362
Dodge: Dodged            |    51 |    51 |   124 |   193 |   515 |    48 ||   982
Block: Kite shield       |    88 |    83 |   277 |   524 |  1308 |   120 ||  2400

Table legend: (Time is in decaauts)
 A = Elapsed time spent in this place.
 B = Non-inter-level travel time spent in this place.
 C = Inter-level travel time spent in this place.
 D = Time resting spent in this place.
 E = Time spent auto-exploring this place.
 F = Levels seen in this place.
 G = Mean time per level.
                   A        B        C        D        E       F      G
               +--------+--------+--------+--------+--------+-----+--------+
         Total |  20792 |  19688 |   1104 |    139 |   8220 |  27 |  770.1 |
       Dungeon |  12717 |  12037 |    680 |    114 |   4471 |  15 |  847.8 |
        Temple |     86 |     48 |     38 |      0 |      0 |   1 |   86.0 |
          Lair |   5400 |   5111 |    289 |      0 |   2637 |   6 |  900.0 |
     Snake Pit |   1047 |    994 |     53 |      0 |    463 |   2 |  523.5 |
  Orcish Mines |   1312 |   1270 |     42 |      0 |    649 |   2 |  656.0 |
       Ossuary |    228 |    228 |      0 |     25 |      0 |   1 |  228.0 |
               +--------+--------+--------+--------+--------+-----+--------+

Top non-repeatable levels by time:
     D:8: 1139 daAuts
    D:15: 1119 daAuts
  Lair:6: 1093 daAuts
    D:14: 1071 daAuts
    D:13: 1064 daAuts
     D:2: 1023 daAuts
  Lair:5: 1003 daAuts
     D:1: 962 daAuts
  Lair:2: 951 daAuts
   Orc:2: 908 daAuts
    D:12: 852 daAuts
  Lair:3: 818 daAuts
 Snake:1: 816 daAuts
    D:10: 785 daAuts
  Lair:1: 780 daAuts
